Map: Persephone LE

Players

KimChiLoVer - Winner!

  • Race: Terran Terran
  • League: Diamond
  • Spawn Location: 11:00

A.I. 1 (Elite)

  • Race: Protoss Protoss
  • Spawn Location: 7:00

VOD

Have the link to the VOD?

Description

Time

  • Played on: Aug. 17, 2025, 11:48 a.m.
  • Length: 13:27
Show
View Real Time Build Order
Export as new Build Order

KimChiLoVer Terran - Winner!

Build Orders: Reaper Expand 

Get SALT Encoding   

  12  0:01  SCV  
  13  0:13  SCV  
  14  0:17  Supply Depot  
  14  0:25  SCV  
  15  0:39  SCV  
  15  0:40  Barracks  
  16  0:44  Refinery  
  16  0:51  SCV  
  17  1:03  SCV  
  18  1:15  SCV  
  19  1:27  Orbital Command  
  19  1:29  Reaper  
  20  1:40  Command Center  
  20  1:52  Supply Depot  
  20  1:53  SCV  
  21  2:03  Marine  
  21  2:05  Factory  
  22  2:08  Refinery  
  22  2:09  SCV  
  23  2:21  SCV  
  24  2:24  Barracks Reactor  
  24  2:32  Barracks  
  24  2:33  SCV  
  25  2:39  Barracks  
  25  3:00  Factory Tech Lab  
  25  3:01  Marine x2  
  25  3:03  Orbital Command  
  27  3:09  SCV  
  27  3:30  Marine  
  27  3:31  Stimpack  
  28  3:37  Command Center  
  28  3:42  Starport, Factory Reactor  
  28  3:44  Marine  
  28  3:47  SCV  
  30  3:50  Marine  
  31  3:56  SCV  
  31  4:01  Engineering Bay  
  32  4:05  SCV, Engineering Bay  
  33  4:11  Marine  
  33  4:12  Marine x2  
  33  4:15  SCV  
  38  4:17  SCV  
  38  4:23  Marine  
  39  4:26  Factory Tech Lab  
  39  4:27  SCV  
  39  4:28  Terran Infantry Weapons Level 1  
  39  4:29  Marine  
  41  4:32  Terran Infantry Armor Level 1  
  41  4:35  Supply Depot  
  41  4:41  Marine x2  
  41  4:42  Medivac  
  45  4:47  Medivac  
  45  4:48  SCV  
  45  4:49  SCV  
  49  4:56  Orbital Command  
  49  5:04  SCV  
  49  5:05  SCV, Barracks  
  51  5:14  Armory  
  51  5:16  Supply Depot  
  51  5:18  Marine x2  
  53  5:21  Combat Shield  
  53  5:29  Barracks  
  53  5:31  Barracks Tech Lab  
  53  5:36  Siege Tank  
  56  5:47  SCV  
  56  5:49  Refinery  
  57  5:51  SCV x2  
  57  5:53  Refinery  
  57  5:54  Barracks Reactor  
  57  5:55  Concussive Shells  
  57  5:57  Marauder, Marine  
  61  5:59  SCV  
  61  6:00  Marine  
  61  6:03  SCV  
  57  6:31  SCV x3  
  60  6:33  Supply Depot  
  60  6:34  Supply Depot  
  60  6:40  Barracks Tech Lab, Marine  
  60  6:41  Marauder x2, Marine x2  
  60  6:43  SCV, Widow Mine  
  60  6:45  Medivac x2  
  74  6:54  Orbital Command  
  74  7:00  Terran Infantry Weapons Level 2  
  74  7:03  Command Center  
  74  7:05  Widow Mine  
  76  7:09  Barracks  
  76  7:10  Barracks  
  76  7:11  Barracks  
  76  7:13  Terran Infantry Armor Level 2  
  76  7:17  Supply Depot  
  76  7:18  Supply Depot  
  76  7:19  SCV  
  76  7:22  Marauder x3, Marine x2  
  85  7:34  Marine  
  85  7:35  Marine  
  87  7:40  Marine x2  
  87  7:44  Marauder x3  
  91  7:52  Marine x2  
  91  7:58  SCV, Marine x2  
  95  8:03  Medivac x2  
  95  8:04  Marine  
  95  8:05  Marauder x2  
  105  8:08  Barracks Tech Lab x2  
  105  8:11  Siege Tank  
  108  8:15  Barracks Reactor  
  108  8:17  Supply Depot  
  108  8:19  Supply Depot  
  108  8:23  SCV  
  108  8:25  Refinery  
  108  8:26  Refinery  
  109  8:35  SCV  
  109  8:36  Terran Vehicle And Ship Armor Level 1  
  109  8:37  Marauder, Marine x2  
  114  8:44  Siege Tank  
  114  8:45  Factory  
  117  8:53  SCV x3  
  120  8:59  Supply Depot  
  120  9:00  Supply Depot  
  120  9:03  Marauder x2, Marine x4  
  120  9:05  Medivac x2, SCV  
  133  9:10  Starport  
  133  9:18  Planetary Fortress  
  133  9:22  Refinery  
  133  9:26  Refinery  
  133  9:31  SCV  
  133  9:33  Missile Turret x2  
  133  9:35  Terran Infantry Weapons Level 3  
  134  9:43  SCV  
  134  9:45  Factory Tech Lab  
  135  9:47  Viking x2  
  139  9:53  Missile Turret  
  139  9:55  SCV, Sensor Tower  
  139  9:58  Terran Infantry Armor Level 3  
  139  9:59  Marine x4  
  122  10:08  SCV  
  108  10:20  SCV  
  109  10:31  Medivac x2  
  109  10:32  SCV, Starport Reactor  
  109  10:33  Siege Tank x2  
  120  10:44  SCV x2  
  120  10:48  Marine  
  120  10:49  Marauder x2, Marine x5  
  132  10:56  SCV x2  
  134  11:04  SCV x2  
  134  11:05  Siege Tank x2  
  134  11:08  SCV x2  
  144  11:13  Supply Depot  
  144  11:14  Supply Depot  
  144  11:16  SCV  
  145  11:18  Marine  
  145  11:19  Marauder x3, Marine x6  
  145  11:20  SCV x2  
  145  11:23  Medivac, Missile Turret  
  145  11:24  Medivac  
  164  11:28  Supply Depot  
  164  11:31  Supply Depot  
  164  11:34  SCV  
  164  11:36  Marauder, Marine x2  
  164  11:37  Marauder, Siege Tank  
  174  11:40  Supply Depot  
  174  11:42  Supply Depot  
  174  11:46  SCV  
  175  11:49  Siege Tank  
  175  11:52  Liberator x2  
  184  11:56  Marauder x2, Marine x3  
  184  11:59  SCV  
  192  12:11  Command Center  
Show
View Real Time Build Order
Export as new Build Order

A.I. 1 (Elite) Protoss 

Build Orders: 1 Gate Expand, Zealot Archon 

Get SALT Encoding   

  12  0:00  Probe  
  13  0:13  Probe  
  14  0:19  Pylon  
  14  0:25  Probe  
  15  0:34  Probe  
  15  0:42  Probe  
  16  0:49  Gateway  
  17  0:52  Probe  
  18  1:00  Probe  
  19  1:08  Probe  
  19  1:10  Assimilator  
  19  1:13  Pylon  
  20  1:28  Nexus  
  20  1:40  Cybernetics Core  
  20  1:42  Probe  
  21  1:49  Zealot  
  23  2:00  Probe  
  23  2:02  Gateway  
  24  2:09  Probe  
  24  2:11  Pylon  
  25  2:19  Zealot, Warp Gate  
  25  2:20  Probe  
  28  2:31  Probe  
  28  2:35  Assimilator  
  29  2:39  Probe  
  30  2:44  Adept  
  30  2:51  Probe  
  32  2:52  Adept  
  35  3:04  Probe, Pylon  
  36  3:06  Adept  
  38  3:22  Probe, Sentry  
  38  3:25  Probe  
  42  3:33  Stalker  
  42  3:34  Probe  
  42  3:37  Probe  
  42  3:40  Robotics Facility  
  46  3:46  Probe  
  46  3:47  Adept  
  49  3:49  Probe  
  50  3:58  Probe  
  50  4:01  Probe  
  52  4:03  Adept  
  52  4:06  Pylon  
  52  4:09  Probe  
  54  4:10  Probe  
  56  4:17  Probe  
  56  4:23  Probe  
  58  4:24  Stalker  
  58  4:27  Probe  
  58  4:29  Immortal, Pylon  
  65  4:35  Probe  
  66  4:39  Probe  
  66  4:41  Stalker  
  66  4:43  Robotics Facility, Probe  
  69  4:47  Stalker  
  69  4:51  Probe  
  72  4:57  Probe  
  72  4:58  Immortal  
  74  5:01  Pylon  
  74  5:05  Pylon  
  78  5:19  Stalker  
  78  5:20  Probe x2  
  82  5:21  Stalker  
  82  5:24  Assimilator  
  84  5:44  Probe, Pylon  
  84  5:46  Probe  
  84  5:47  Twilight Council  
  84  5:48  Assimilator  
  86  5:51  Gateway  
  86  5:52  Zealot  
  88  6:11  Zealot, Probe x2  
  89  6:15  Nexus, Pylon  
  75  6:23  Probe x2  
  67  6:30  Templar Archives  
  67  6:35  Probe x2  
  69  6:40  Stalker  
  69  6:45  Stalker  
  73  6:47  Probe  
  73  6:48  Probe  
  75  6:59  Probe  
  75  7:00  Probe  
  77  7:02  Sentry  
  77  7:07  Forge  
  79  7:09  High Templar x2  
  79  7:11  Probe  
  79  7:12  Probe  
  85  7:20  Probe  
  85  7:23  Probe  
  85  7:24  Forge  
  85  7:25  Observer  
  85  7:27  Probe  
  85  7:28  Probe  
  89  7:35  Archon, High Templar  
  89  7:36  Probe  
  93  7:38  Probe  
  93  7:39  Protoss Ground Weapons Level 1  
  93  7:41  Probe  
  90  7:47  Protoss Ground Armor Level 1  
  90  7:48  Probe  
  90  7:50  Probe  
  90  7:51  Probe  
  83  7:59  Probe  
  83  8:00  Probe  
  83  8:02  Probe  
  86  8:10  Probe  
  86  8:12  Probe  
  87  8:14  Probe  
  88  8:22  Probe  
  88  8:23  Probe, High Templar  
  88  8:24  Probe  
  88  8:25  Assimilator  
  93  8:29  Stalker  
  93  8:31  Probe  
  95  8:34  Probe  
  95  8:35  Stalker  
  95  8:36  Probe  
  95  8:40  Probe  
  101  8:48  Probe  
  101  8:49  Archon, Probe, Stalker  
  101  8:52  Probe, Sentry  
  108  9:00  Probe  
  108  9:01  Probe, Pylon, High Templar  
  112  9:05  Probe  
  113  9:12  Probe, High Templar  
  113  9:13  Probe  
  113  9:15  Stalker  
  120  9:17  Probe  
  120  9:23  Pylon  
  120  9:24  Probe  
  120  9:25  Probe  
  120  9:26  Probe  
  120  9:30  Psionic Storm  
  123  9:32  Blink  
  123  9:35  Probe  
  123  9:36  Pylon  
  123  9:37  Probe  
  124  9:39  Probe  
  124  9:43  Probe  
  124  9:44  Pylon  
  126  9:46  Zealot  
  126  9:49  Zealot, Probe  
  126  9:51  Probe  
  133  9:54  Zealot  
  133  9:55  Probe  
  133  9:58  Probe  
  136  10:06  Zealot  
  117  10:07  Probe x2  
  117  10:09  Zealot, Probe  
  92  10:14  Adept  
  92  10:19  Probe  
  87  10:26  Zealot  
  85  10:29  Zealot  
  85  10:34  Zealot  
  89  10:42  Stalker  
  91  10:43  Assimilator  
  91  10:47  Immortal  
  91  10:49  High Templar  
  97  10:53  Immortal  
  97  10:54  Zealot  
  103  10:58  Adept  
  103  11:02  Protoss Ground Weapons Level 2  
  105  11:05  Probe  
  106  11:14  Stalker  
  106  11:17  Photon Cannon  
  106  11:18  Adept  
  110  11:20  Pylon  
  110  11:21  Stalker  
  110  11:23  Charge, Pylon  
  112  11:26  Photon Cannon, Immortal  
  112  11:32  Immortal  
  120  11:34  Pylon  
  120  11:37  High Templar  
  120  11:38  Zealot  
  120  11:39  Gateway  
  124  11:44  Stalker  
  124  11:46  Photon Cannon  
  126  11:48  Photon Cannon  
  126  11:51  Photon Cannon, Nexus  
  126  11:52  Adept  
  128  12:02  Photon Cannon  
  128  12:05  Observer  
  128  12:08  Archon, Sentry, High Templar  
  131  12:09  Photon Cannon, Sentry  
  131  12:12  Warp Prism  
  137  12:23  Observer  
  122  12:31  Stalker  
  122  12:32  Stalker  
  122  12:33  Zealot  
  88  12:37  Zealot  
  88  12:38  Stalker  
  88  12:40  Zealot  
  71  12:54  Stalker  
  71  12:55  Zealot  
  71  12:57  Sentry  
  60  13:01  High Templar  
  60  13:02  Probe  
  64  13:07  Probe  
  64  13:08  Zealot  
  57  13:17  Adept  
  19  13:22  Zealot  
Tags
 
Add a new tag
Caveats
  • Supply blocks, unpowered buildings, or Contaminate may cause inaccurate times.
  • Supply counts are checked every 10 seconds.